 Dungeon Crawl Stone Soup version 0.20-a0-850-ge5a7832 (webtiles) character file.

35 Alarkh the Skirmisher (level 3, 28/29 HPs)
             Began as a Demonspawn Fighter on Mar 10, 2017.
             Got out of the dungeon alive.
             The game lasted 00:00:59 (1269 turns).

Alarkh the Skirmisher (Demonspawn Fighter)          Turns: 1269, Time: 00:01:00

Health: 28/29      AC:  6    Str: 15 (16) XL:     3   Next: 16%
Magic:  3/3        EV:  7    Int:  7 (10) God:
Gold:   17         SH:  8    Dex: 12 (14) Spells: 2/2 levels left

rFire    . . .     SeeInvis .   a - +0 long sword
rCold    . . .     Gourm    .   b - +0 scale mail
rNeg     . . .     Faith    .   c - +0 shield
rPois    .         Spirit   .   (no helmet)
rElec    .         Reflect  .   (no cloak)
rCorr    .         Harm     .   (no gloves)
MR       .....                  (no boots)
Stlth    ..........             (no amulet)
Regen    0.1/turn               (no ring)
MPRegen  0.1/turn               k - ring of flight

@: no status effects
A: thin skeletal structure 1, spiny 1
a: Evoke Flight


You escaped.
You were very hungry.

You visited 1 branch of the dungeon, and saw 2 of its levels.

You collected 17 gold pieces.

Inventory:

Hand Weapons
 a - a +0 long sword (weapon)
Armour
 b - a +0 scale mail (worn)
 c - a +0 shield (worn)
Jewellery
 k - a ring of flight (left hand)
Scrolls
 e - a scroll of immolation {unknown}
 i - a scroll of magic mapping {unknown}
 l - a scroll of amnesia {unknown}
Potions
 d - a potion of might
Comestibles
 f - 2 bread rations


   Skills:
 + Level 3.2 Fighting
 * Level 2.3 Long Blades
 + Level 2.9 Armour
 + Level 0.6 Dodging
 + Level 3.0 Shields


You had 2 spell levels left.
You didn't know any spells.

Dungeon Overview and Level Annotations

Branches:
Dungeon (2/15)

Altars:

Annotations:
D:2 Sigmund


Innate Abilities, Weirdness & Mutations

You have a somewhat thin skeletal structure. (Dex +2, Stealth)
You are partially covered in sharp spines.


Message History

The adder barely misses you. You block the adder's attack.
It was a potion of curing.
You feel better. You block the adder's attack.
You miss the adder.
The adder is severely wounded.
You block the adder's attack. x2
You slash the adder!
You kill the adder!
You have reached level 3!
Your experience leads to an increase in your attributes!
Your base attributes are Str 16, Int 9, Dex 14.
Increase (S)trength, (I)ntelligence, or (D)exterity?
You feel clever.
Your demonic ancestry asserts itself...
Sharp spines emerge from parts of your body.
You start resting.
You are feeling hungry.
You start resting.
You are feeling very hungry.
There is a staircase leading out of the dungeon here.
Are you sure you want to leave the Dungeon?
This will make you lose the game!
You have escaped!

###.#######.#.########.########.#
#..#........# ###.## #.#
##.##.###.##### #....# ##.#
#..#.#.#.###.# ##...# ###..#
##.#.#.#.#...### ###.# #....#
#...#.#.##....# #.####....#
##..#.#.###...# ##.##....##
#..#.#.##....# #..#..#.#
#..#.#.##..@.# ##.#..###
#..#.#.###...## ##.#..#
##.#.#.#.##...# #.##.##
#...#.#.##...### #.#..# #
#...#.#..#.....# #....# #####
#...#.#...#...## ###.#### ....#
#...#.###......# ##.##.# ....#
###.#.##.......## #..#.## ....#
#.#.#.........###....#


There were no monsters in sight!

Vanquished Creatures
  An adder (D:1)
  2 leopard geckos (D:1)
  2 giant cockroaches (D:1)
  3 goblins (D:1)
  3 hobgoblins (D:1)
  2 kobolds (D:1)
  3 bats (D:1)
  2 frilled lizards (D:1)
  5 rats (D:1)
23 creatures vanquished.

Notes
Turn   | Place    | Note
-------+----------+-------------------------------------------
     0 | D:1      | Alarkh the Demonspawn Fighter began the quest for the Orb.
     0 | D:1      | Reached XP level 1. HP: 18/18 MP: 1/1
   255 | D:1      | Gained mutation: You have a somewhat thin skeletal structure. (Dex +2, Stealth) [demonic ancestry]
   255 | D:1      | Reached XP level 2. HP: 24/24 MP: 2/2
  1030 | D:2      | Noticed Sigmund
  1039 | D:1      | HP: 1/24 [poisoned by an adder]
  1043 | D:1      | Gained mutation: You are partially covered in sharp spines. [demonic ancestry]
  1043 | D:1      | Reached XP level 3. HP: 8/29 MP: 3/3
  1269 | D:$      | Got out of the dungeon alive.

Vault maps used:
D:1:      dpeg_arrival_arbitrary_a
D:2:      overflow_temple_1_default, minmay_misc_feat_encased, hex_large,
          uniq_iyjb, uniq_jessica, uniq_sigmund

Skill      XL: |  1  2 |
---------------+-------+-----
Long Blades    | 2 |  2.3
Shields        | 3 |  3.0
Fighting       | |  3.2
Armour         | |  2.9
Dodging        | |  0.6

Action                   || total
-------------------------++-------
Melee: Long sword        ||    58
  Use: Potion            ||     2
Armor: Scale mail        ||    23
Dodge: Dodged            ||    14
Block: Shield            ||    36
       Rpst.: Long sword ||     4
